AoeStats
← 2243633781

Coastal Forest

510529552Analyzed
3v3 RM · 2d ago on Oct 1, 2026· 45m 52s· 6 players
Game mode
Random Map
Map size
Normal (6 player)
Population
200
Speed
Normal
Resources
Standard
Victory
Conquest
Starting age
Dark Age
Ending age
Imperial Age
RankedLock teamsTeams togetherTeam positionsShared explorationLock speedFull tech treeHidden civsTurbo modeCheats
Victory
Defeat
🇪🇸 Lithuanians · Spain
926
+16
🇨🇳 Huns · China
923
+16
🇩🇰 Celts · Denmark
918
+15
🇨🇳 Hindustanis · China
933
-43
🇨🇳 Japanese · China
926
-16
🇨🇳 Magyars · China
902
-42
伐木人
12:02 Feudal Age
10:40 Loom
13:34 Double-Bit Axe
18:09 Castle Age
16:14 Fishing Lines
22:39 Gillnets
28:58 Imperial Age
29:36 Bow Saw
31:16 Fletching
30:49 Elite Skirmisher
32:57 Squires
33:11 Pikeman
35:22 Two-Man Saw
35:29 Husbandry
2243633781
14:10 Feudal Age
19:04 Wheelbarrow
18:20 Town Watch
20:19 Scale Mail Armor
22:22 Bloodlines
22:41 Scale Barding Armor
22:23 Horse Collar
江东铁壁
16:10 Feudal Age
14:29 Loom
22:22 Wheelbarrow
21:54 Fletching
24:48 Castle Age
32:53 Double-Bit Axe
gabrissss
9:03 Loom
11:37 Feudal Age
17:49 Castle Age
16:14 Double-Bit Axe
16:13 Horse Collar
16:27 Gold Mining
19:47 Scale Barding Armor
21:40 Forging
25:01 Bow Saw
26:12 Husbandry
27:38 Stone Mining
30:28 Heavy Plow
36:20 Imperial Age
34:27 Wheelbarrow
36:39 Iron Casting
35:55 Fletching
37:24 Padded Archer Armor
37:24 Scale Mail Armor
37:45 Chain Barding Armor
37:29 Murder Holes
38:35 Chemistry
37:45 Cavalier
38:08 Capped Ram
41:58 Two-Man Saw
43:10 Bodkin Arrow
46:11 Bombard Tower
46:09 Bloodlines
VinoToro
1:44 Loom
11:54 Feudal Age
16:16 Man-at-Arms
16:42 Arson
18:42 Forging
18:39 Double-Bit Axe
23:15 Castle Age
22:05 Fishing Lines
22:09 Horse Collar
22:22 Gold Mining
25:31 Gillnets
26:02 Husbandry
26:28 Bow Saw
28:52 Iron Casting
28:23 Scale Barding Armor
31:06 Wheelbarrow
30:45 Town Watch
35:07 Chain Barding Armor
36:49 Heavy Plow
40:27 Imperial Age
45:36 Spies/Treason
温州谷志豪
10:49 Feudal Age
16:07 Castle Age
14:01 Double-Bit Axe
16:39 Horse Collar
17:52 Bow Saw
18:57 Stone Mining
20:31 Bloodlines
21:24 Gold Mining
25:20 Wheelbarrow
25:36 Heavy Plow
25:41 Loom
25:55 Fletching
26:57 Hand Cart
27:59 Thumb Ring
28:56 Ballistics
28:42 Bodkin Arrow
30:02 Gold Shaft Mining
31:18 Padded Archer Armor
31:21 Husbandry
31:15 Town Watch
35:30 Imperial Age
34:39 Town Patrol
37:27 Chemistry
36:55 Parthian Tactics
35:51 Heavy Cavalry Archer
37:05 Parthian Tactics
38:13 Conscription
39:03 Capped Ram
42:14 Two-Man Saw
40:49 Siege Ram
42:15 Spies/Treason
Connection lost

Rejoining the realm…

Still unreachable

The connection could not be restored.

Session expired

The server has moved on; the page needs a fresh start.